 Dungeon Crawl Stone Soup version 0.29-a0-393-g47a863cc1b (webtiles) character file.

Game seed: 12956841349269133339

4837 HendSelp the Grappler (level 10, 0/75 HPs)
             Began as an Octopode Transmuter on May 11, 2022.
             Was an Initiate of Gozag.
             Slain by a wight
             ... wielding a +3 falchion of freezing
              (12 damage)
             ... on level 8 of the Dungeon.
             The game lasted 00:12:16 (10561 turns).

HendSelp the Grappler (Octopode Transmuter)        Turns: 10561, Time: 00:12:17

Health: 0/75       AC:  7    Str: 16    XL:     10   Next: 49%
Magic:  17/20      EV: 10    Int: 23    God:    Gozag
Gold:   886        SH:  0    Dex: 12    Spells: 6/23 levels left

rFire   x . .      SeeInvis .     - Unarmed
rCold   + + +      Faith    .   (shield currently unavailable)
rNeg    . . .      Spirit   .   (helmet currently unavailable)
rPois   +          Reflect  .   n - amulet of the acrobat
rElec   +          Harm     .   d - ring of Desertification {Contam rElec rC+ rCorr Str+2}
rCorr   +          Rampage  .   h - ring "Hofadad" {Wiz rC- rCorr Int+7 Stlth+}
Will    .....                   f - ring of wizardry
Stlth   +.........              (no ring)
HPRegen 0.22/turn               (no ring)
MPRegen 0.17/turn               (no ring)
                                (no ring)
                                (no ring)

@: ice-form, silenced, marked, wereblooded, gold aura
A: freezing attack, boosted hp, almost no armour, amphibious, 8 rings, large,
(camouflage 1), (gelatinous body 1), (nimble swimmer 1), (tentacles)
a: End Transformation, Renounce Religion


You were on level 8 of the Dungeon.
You worshipped Gozag.
Gozag was pleased with you.
You were a creature of crystalline ice.
You visited 2 branches of the dungeon, and saw 9 of its levels.

You collected 2555 gold pieces.
You spent 1134 gold pieces at shops.
You paid 535 gold pieces to Gozag.

Inventory:

Missiles
 j - 3 atropa-tipped darts
 m - 3 datura-tipped darts
 s - 2 throwing nets
Jewellery
 d - the ring of Desertification (left front paw) {Contam rElec rC+ rCorr Str+2}
   (You found it on level 2 of the Dungeon)

   [ring of protection from cold]

   Str:       It affects your strength (+2).
   rC:        It protects you from cold.
   rElec:     It insulates you from electricity.
   Contam:    It causes magical contamination when unequipped.
   rCorr:     It protects you from acid and corrosion.
 f - a ring of wizardry (on tentacle)
 h - the ring "Hofadad" (right front paw) {Wiz rC- rCorr Int+7 Stlth+}
   (You bought it in a shop on level 2 of the Dungeon)

   [ring of wizardry]

   It improves your spell success rate.
   Int:       It affects your intelligence (+7).
   rC:        It makes you vulnerable to cold.
   rCorr:     It protects you from acid and corrosion.
   Stlth:     It makes you more stealthy.
 n - an amulet of the acrobat (around neck)
Wands
 p - a wand of digging (11)
 q - a wand of flame (12)
 y - a wand of iceblast (16)
Scrolls
 b - a scroll of poison
 c - 3 scrolls of magic mapping
 e - a scroll of silence
 k - 2 scrolls of immolation
 l - a scroll of fog
 t - 2 scrolls of fear
 v - a scroll of enchant armour
 x - a scroll of teleportation
 z - 2 scrolls of identify
 A - a scroll of noise {unknown}
 B - a scroll of brand weapon {unknown}
Potions
 a - a potion of ambrosia {unknown}
 g - 2 potions of curing
 i - 3 potions of flight {unknown}
 o - 2 potions of might {unknown}
 r - 2 potions of heal wounds {unknown}
 u - a potion of magic {unknown}
 w - a potion of brilliance {unknown}


   Skills:
 + Level 3.3 Fighting
 - Level 2.0 Dodging
 + Level 11.2 Unarmed Combat
 + Level 7.1 Spellcasting
 + Level 7.0 Transmutations


You had 6 spell levels left.
You knew the following spells:

 Your Spells              Type           Power      Damage    Failure   Level
a - Beastly Appendage     Tmut           80%        N/A       1%          1
b - Wereblood             Tmut           40%        N/A       1%          2
c - Spider Form           Tmut/Pois      24%        N/A       1%          3
d - Ice Form              Ice/Tmut       24%        N/A       5%          4
e - Storm Form            Tmut/Air       12%        N/A       97%         7

Your spell library contained the following spells:

 Spells                   Type           Power      Damage    Failure   Level
 Animate Skeleton         Necr           16%        N/A       2%          1
 Apportation              Tloc           16%        N/A       2%          1
 Summon Small Mammal      Summ           32%        N/A       2%          1
 Searing Ray              Conj           16%        2d5       3%          2
 Inner Flame              Hex/Fire       8%         N/A       6%          3
 Ozocubu's Armour         Ice            8%         N/A       6%          3
 Tukima's Dance           Hex            8%         N/A       6%          3
 Yara's Violent Unravell  Hex/Tmut       12%        3d7       13%         5
 Cause Fear               Hex            4%         N/A       19%         4
 Hailstorm                Conj/Ice       8%         3d4       19%         4
 Passage of Golubria      Tloc           8%         N/A       19%         4
 Summon Forest            Summ/Tloc      4%         N/A       45%         5
 Eringya's Noxious Bog    Tmut/Pois      12%        N/A       54%         6
 Simulacrum               Ice/Necr       4%         N/A       94%         6
 Ozocubu's Refrigeration  Ice            4%         4d5       100%        7
 Summon Hydra             Summ           4%         N/A       100%        7
 Discord                  Hex            4%         N/A       100%        8


Dungeon Overview and Level Annotations

Branches:
Dungeon (8/15)             Temple (1/1) D:6
   Lair: D:8-11

Altars:
Ashenzari
Cheibriados
Dithmenos
Elyvilon
Fedhas
Gozag
Hepliaklqana
Kikubaaqudgha
Makhleb
Nemelex Xobeh
Okawaru
Qazlal
Ru
Sif Muna
Trog
Uskayaw
Vehumet
Wu Jian
Xom
Yredelemnul
Zin
The Shining One

Shops:
D:2 =   D:7 :


Innate Abilities, Weirdness & Mutations

You are a creature of crystalline ice.
You have a powerful freezing melee attack.
Your maximum health is increased.
Your armour is entirely melded.
You are incapable of wielding weapons or throwing items.
You cannot wear most types of armour.
You are amphibious.
You can wear up to eight rings at the same time.
((Your skin changes colour to match your surroundings (Stealth+).))
((Your rubbery body absorbs attacks. (AC +1, EV +1)))
((You are camouflaged when in or above water. (Stealth+)))
((You have tentacles for arms and can constrict up to eight enemies at once.))


Message History

Unknown command.
You feel better.
The killer bee stings you but does no damage.
The killer bee barely misses you. The killer bee closely misses you.
The killer bee stings you but does no damage.
The killer bee stings you.
* * * LOW HITPOINT WARNING * * *
The killer bee stings you but does no damage.
The wight is distracted by your dazzling golden aura.
Unknown command.
Unknown command.
Unknown command.
Unknown command.
Unknown command.
Unknown command.
Okay, then.
Unknown command.
You punch the killer bee! You freeze the killer bee.
You feel a bit better.
You kill the killer bee!
The killer bee stings you!
* * * LOW HITPOINT WARNING * * *
The killer bee stings you but does no damage.
The killer bee is distracted by your dazzling golden aura. x2
Your life force feels restored.
Unknown command.
Unknown command.
Unknown command.
Unknown command.
Unknown command.
Unknown command.
Unknown command.
Unknown command.
Unknown command.
Unknown command.
Unknown command.
Unknown command.
The wight attacks as you move away!
The wight hits you with a +3 falchion of freezing!
You die...
Your body crumbles into a pile of gold.

... .# #.#..#.#.
+)#.##.#.# .. .#
#.....)# ####.##.#.# #
#.#.# #).....#
..#.....#.#### #.#...#
#.#..#.#FY.#...........
.... #......#oy
#.......#### #####.##
##$###### ##.#########
.....))# #.)...#5z
#.......... ####.#)#
#.#.#y#.## #.#########
#.#.## #..y$Y# # #.#
#.#..# #.#.#yzy...#.#
#.##)####)....######.#
#....)..#######......#
#####.#.#.#####.####..
#.).#......>...#
##)<#.#####.##.# #..#.#
#.##.# ##.#.# #.##.#


You could see 4 killer bees and a wight.

Vanquished Creatures
  Joseph (D:7)
  Psyche (D:8)
  Grinder (D:5)
  Prince Ribbit (D:8)
  A steam dragon (D:6)
  Menkaure (D:7)
  A water moccasin (D:7)
  A black bear (D:6)
  A sky beast (D:6)
  An orc warrior (D:7)
  4 ice beasts
  4 ogres
  2 centaurs (D:7)
  A kobold brigand (D:7)
  A gnoll sergeant (D:5)
  A scorpion (D:4)
  2 necrophages
  14 wights
  Dowan (D:5)
  A killer bee (D:8)
  3 howler monkeys (D:7)
  7 orc priests
  7 hounds
  3 jellies
  2 gnoll shamans
  An iguana (D:6)
  5 orc wizards
  18 gnolls
  7 adders
  An ufetubus (D:4)
  2 dart slugs
  24 orcs
  2 ball pythons
  6 endoplasms
  7 goblins
  11 hobgoblins
  8 jackals
  11 kobolds
  4 quokkas
  4 bats
  13 frilled lizards (D:1)
  19 rats
206 creatures vanquished.

Vanquished Creatures (collateral kills)
  Duvessa (D:5)
1 creature vanquished.

Vanquished Creatures (others)
  3 plants
3 creatures vanquished.

Grand Total: 210 creatures vanquished

Notes
Turn   | Place    | Note
-------+----------+-------------------------------------------
     0 | D:1      | HendSelp the Octopode Transmuter began the quest for the
                  | Orb.
     0 | D:1      | Reached XP level 1. HP: 13/13 MP: 3/3
   316 | D:1      | Reached XP level 2. HP: 18/18 MP: 3/5
   358 | D:1      | Learned a level 2 spell: Wereblood
   530 | D:1      | Found a faded altar of an unknown god.
   914 | D:1      | Reached XP level 3. HP: 23/23 MP: 4/6
  1192 | D:1      | Learned a level 3 spell: Spider Form
  1748 | D:2      | Identified the ring of Desertification {Contam rElec rC+
                  | rCorr Str+2}
  1775 | D:2      | Found Biups's Jewellery Shoppe.
  2231 | D:2      | Identified a scroll of acquirement
  2231 | D:2      | Acquired 1044 gold pieces
  2274 | D:2      | Bought a ring of wizardry for 330 gold pieces
  2274 | D:2      | Bought the ring "Hofadad" {Wiz rC- rCorr Int+7 Stlth+} for
                  | 584 gold pieces
  2495 | D:3      | Reached XP level 4. HP: 28/28 MP: 4/7
  2800 | D:3      | Reached skill level 4 in Unarmed Combat
  3386 | D:4      | Reached XP level 5. HP: 33/33 MP: 5/10
  3626 | D:4      | Reached XP level 6. HP: 22/38 MP: 9/11
  4487 | D:4      | Learned a level 4 spell: Ice Form
  4492 | D:4      | Reached skill level 5 in Unarmed Combat
  4784 | D:5      | Entered Level 5 of the Dungeon
  4829 | D:5      | Noticed Dowan
  4832 | D:5      | Noticed Duvessa
  4846 | D:5      | Killed Duvessa
  4847 | D:5      | Reached XP level 7. HP: 43/43 MP: 9/13
  4853 | D:5      | Killed Dowan
  5025 | D:5      | Noticed Grinder
  5042 | D:5      | Paralysed by Grinder for 3 turns
  5043 | D:5      | Killed Grinder
  5044 | D:5      | Reached skill level 6 in Unarmed Combat
  5281 | D:5      | Reached XP level 8. HP: 21/50 MP: 12/15
  6363 | D:6      | Reached skill level 7 in Unarmed Combat
  6363 | D:6      | Reached skill level 5 in Spellcasting
  6363 | D:6      | Reached skill level 5 in Transmutations
  6430 | D:6      | Found a staircase to the Ecumenical Temple.
  6445 | Temple   | Entered the Ecumenical Temple
  6629 | Temple   | Became a worshipper of Gozag Ym Sagoz the Greedy
  7108 | D:6      | Reached skill level 8 in Unarmed Combat
  7638 | D:6      | Reached XP level 9. HP: 54/54 MP: 10/17
  8237 | D:7      | Reached skill level 9 in Unarmed Combat
  8622 | D:7      | Noticed Menkaure
  8625 | D:7      | Noticed Joseph
  8628 | D:7      | Killed Menkaure
  8635 | D:7      | Killed Joseph
  8842 | D:7      | Acquired 361 gold pieces
  9015 | D:7      | Found a basalt altar of Yredelemnul.
  9484 | D:7      | Reached skill level 10 in Unarmed Combat
  9503 | D:7      | Reached XP level 10. HP: 53/63 MP: 17/20
 10031 | D:7      | Bought the Incunabulum of Flight and Attacks for 220 gold
                  | pieces
 10106 | D:7      | Learned a level 7 spell: Storm Form
 10164 | D:8      | Noticed Prince Ribbit
 10164 | D:8      | Found the +18 Lear's hauberk
 10169 | D:8      | Killed Prince Ribbit
 10378 | D:8      | Reached skill level 11 in Unarmed Combat
 10492 | D:8      | Found the +5 sword of Power {vorpal}
 10549 | D:8      | Noticed Psyche
 10555 | D:8      | Killed Psyche
 10561 | D:8      | Slain by a wight

Illustrated notes

Levels and vault maps discovered:
D:1:      mrwooster_arrival_statue_3, layout_basic, serial_curves,
          eino_curves_02, eino_curves_03, eino_curves_03,
          ebering_ecumenical_altar_mist, minmay_lizard_king
D:2:      layout_loops_ring, serial_shops, shop
D:3:      layout_loops_ring
D:4:      layout_basic, minmay_rat_hole
D:5:      layout_layer_cave, uniq_duvessa, uniq_grinder
D:6:      layout_basic, minmay_temple_entry_junction, serial_corexii_hall,
          chequers_hall_statues_wall_a, corexii_hall_statues_l
D:7:      kennysheep_housing_project, layout_basic,
          mainiacjoe_overflow_small_starburst, uniq_menkaure, uniq_joseph
D:8:      minmay_clustersquares, layout_basic, uniq_psyche, uniq_prince_ribbit1
Temple:   mainiacjoe_temple_hex_bubbles

Skill      XL: |  1  2  3  4  5  6  7  8  9 10 |
---------------+-------------------------------+-----
Unarmed Combat | 4 5 6 8 10 11 | 11.2
Spellcasting   | 3 4 5 6 7 |  7.1
Transmutations | 3 4 5 6 7 |  7.0
Fighting       | 2 3 |  3.3
Dodging        | |  2.0

Action                   |  1- 3 |  4- 6 |  7- 9 | 10-12 || total
-------------------------+-------+-------+-------+-------++-------
Melee: Unarmed           |    81 |   102 |   184 |    75 ||   442
       Punch             |     3 |     4 |     1 |       ||     8
       Kick              |    21 |    18 |       |       ||    39
       Tentacles         |    11 |    14 |     2 |     1 ||    28
       Constrict         |    19 |    20 |     2 |     1 ||    42
Throw: Dart              |       |     1 |     1 |       ||     2
 Cast: Beastly Appendage |    25 |    26 |       |       ||    51
       Wereblood         |     2 |     4 |     5 |     3 ||    14
       Spider Form       |       |     3 |     4 |       ||     7
       Ice Form          |       |       |    22 |     5 ||    27
Invok: Call Merchant     |       |       |     1 |       ||     1
  Use: Potion            |     1 |       |     4 |     1 ||     6
       Scroll            |     6 |     5 |     5 |     1 ||    17
 Stab: Sleeping          |     5 |    10 |     2 |       ||    17
Armor: Skin              |    21 |     4 |    35 |    18 ||    78
Dodge: Dodged            |    50 |    60 |   125 |    30 ||   265

Table legend: (Time is in decaauts)
 A = Elapsed time spent in this place.
 B = Non-inter-level travel time spent in this place.
 C = Inter-level travel time spent in this place.
 D = Time resting spent in this place.
 E = Time spent auto-exploring this place.
 F = Levels seen in this place.
 G = Mean time per level.
                   A        B        C        D        E       F      G
               +--------+--------+--------+--------+--------+-----+--------+
         Total |  10503 |  10087 |    416 |    640 |   8168 |   9 | 1167.0 |
       Dungeon |  10215 |   9840 |    375 |    640 |   7924 |   8 | 1276.9 |
        Temple |    288 |    248 |     40 |      0 |    244 |   1 |  288.0 |
               +--------+--------+--------+--------+--------+-----+--------+

Top non-repeatable levels by time:
     D:7: 2047 daAuts
     D:5: 1527 daAuts
     D:4: 1492 daAuts
     D:6: 1482 daAuts
     D:1: 1220 daAuts
     D:2: 1060 daAuts
     D:3: 994 daAuts
     D:8: 389 daAuts
  Temple: 288 daAuts
